 Dungeon Crawl Stone Soup version 0.21.1-1-g345015f (webtiles) character file.

219 tyranidshit the Skirmisher (level 5, -1/44 HPs)
             Began as a Demonspawn Abyssal Knight on July 25, 2018.
             Was a Believer of Lugonu.
             Killed from afar by an electric eel (13 damage)
             ... with a bolt of electricity
             ... on level 3 of the Dungeon.
             The game lasted 00:09:58 (2469 turns).

tyranidshit the Skirmisher (DsAK)                   Turns: 2469, Time: 00:09:59

Health: -1/44      AC:  9    Str: 13    XL:     5   Next: 63%
Magic:  6/6        EV:  8    Int: 14    God:    Lugonu [**....]
Gold:   96         SH:  0    Dex: 12    Spells: 4/4 levels left

rFire    . . .     SeeInvis .   a - +2 hand axe
rCold    . . .     Gourm    .   (no shield)
rNeg     . . .     Faith    .   d - +0 chain mail
rPois    +         Spirit   .   (no helmet)
rElec    .         Reflect  .   (no cloak)
rCorr    +         Harm     +   (no gloves)
MR       .....                  (no boots)
Stlth    ..........             j - amulet of harm
HPRegen  0.14/turn              g - ring of poison resistance
MPRegen  0.10/turn              e - ring of resist corrosion

@: no status effects
A: sturdy frame 2
a: Depart the Abyss, Bend Space, Renounce Religion


You were on level 3 of the Dungeon.
You worshipped Lugonu.
Lugonu was pleased with you.
You were not hungry.

You visited 1 branch of the dungeon, and saw 3 of its levels.
You visited the Abyss 1 time.

You collected 96 gold pieces.

Inventory:

Hand Weapons
 a - a +2 hand axe (weapon)
Armour
 b - a +0 leather armour
 d - a +0 chain mail (worn)
Jewellery
 e - a ring of resist corrosion (right hand)
 g - a ring of poison resistance (left hand)
 j - an amulet of harm (around neck)
Wands
 m - a wand of flame (18)
Scrolls
 f - a scroll of remove curse
 h - 3 scrolls of identify
Potions
 i - a potion of curing
 k - a potion of brilliance
Comestibles
 c - 5 rations
 l - a chunk of flesh


   Skills:
 - Level 5.0 Fighting
 - Level 1.7 Axes
 + Level 4.0 Armour
 - Level 0.8 Dodging
 - Level 2.4 Invocations


You had 4 spell levels left.
You didn't know any spells.

Dungeon Overview and Level Annotations

Branches:
Dungeon (3/15)

Altars:

Annotations:
D:3 Grinder


Innate Abilities, Weirdness & Mutations

Your movements are less encumbered by armour. (ER -4)


Message History

You enter the transporter and appear at another place.
Unknown command.
m - a wand of flame (18)
There are no items here.
There is a transporter landing site here.
You can't go down here!
Unknown command.
You can't go up here!
You can't go down here!
You can't go up here!
You open the door.
The electric eel shoots out a bolt of lightning at you!
The bolt of electricity misses you.
The bolt of electricity hits the plant. x2
There isn't anything here!
There is a transporter landing site here.
The electric eel shoots out a bolt of lightning at you!
The bolt of electricity hits you!
* * * LOW HITPOINT WARNING * * *
The bolt of electricity hits you!
You die...

..#.# #<# #.# .#.# ###.#
### #[##.$.#. #.#
#############........ #.#
.....................
#.##.........#############
#............#8P#;;≈≈≈≈≈#P
+.....####...#..#.......#.
#.....# #..©#©.'...⌠...+$
. #.....#
##..#@.#.......#.
.##.....# ##.#8P#;;≈≈≈≈≈#P
####### #.############
#........... ############


You could see 4 electric eels.

Vanquished Creatures
  A bullfrog (D:2)
  An iguana (D:3)
  7 adders
  4 dart slugs
  2 giant cockroaches (D:1)
  10 goblins
  3 hobgoblins
  3 jackals (D:2)
  7 kobolds
  2 ball pythons
  11 bats
  8 frilled lizards
  7 rats
66 creatures vanquished.

Notes
Turn   | Place    | Note
-------+----------+-------------------------------------------
     0 | Abyss:1  | tyranidshit the Demonspawn Abyssal Knight began the quest for the Orb.
     0 | Abyss:1  | Reached XP level 1. HP: 18/18 MP: 2/2
     2 | Abyss:1  | Found a corrupted altar of Lugonu.
     5 | Abyss:1  | Noticed a purple ugly thing
    59 | Abyss:1  | Noticed a small abomination
    79 | Abyss:1  | Noticed a thrashing horror
    80 | Abyss:1  | Noticed a thrashing horror
    81 | D:1      | Escaped the Abyss
   375 | D:1      | Gained mutation: Your movements are slightly less encumbered by armour. (ER -2) [demonic ancestry]
   375 | D:1      | Reached XP level 2. HP: 24/24 MP: 3/3
   422 | D:1      | Reached * piety under Lugonu
   439 | D:1      | You fall through a shaft!
   474 | D:2      | Reached skill level 4 in Fighting
   488 | D:2      | Reached XP level 3. HP: 8/30 MP: 4/4
  1277 | D:2      | Reached skill level 5 in Fighting
  1277 | D:2      | Reached XP level 4. HP: 34/39 MP: 5/5
  1491 | D:2      | Reached ** piety under Lugonu
  1838 | D:3      | Noticed a bullfrog
  1877 | D:2      | Killed a bullfrog
  1877 | D:2      | Gained mutation: Your movements are less encumbered by armour. (ER -4) [demonic ancestry]
  1877 | D:2      | Reached XP level 5. HP: 33/44 MP: 6/6
  1982 | D:3      | Noticed Grinder
  1992 | D:3      | Paralysed by Grinder for 6 turns
  2448 | D:3      | Found a transporter.
  2469 | D:3      | Killed from afar by an electric eel

Skill      XL: |  1  2  3  4  5 |
---------------+----------------+-----
Fighting       | 4 5 |  5.0
Armour         | 3 4 |  4.0
Axes           | |  1.7
Dodging        | |  0.8
Invocations    | |  2.4

Action                   |  1- 3 |  4- 6 || total
-------------------------+-------+-------++-------
Melee: Hand axe          |   168 |    96 ||   264
Invok: Depart the Abyss  |     1 |       ||     1
  Use: Scroll            |     1 |     2 ||     3
       Potion            |     3 |     3 ||     6
  Eat: Ration            |     1 |     1 ||     2
Armor: Chain mail        |   162 |    68 ||   230
Dodge: Dodged            |   103 |    56 ||   159
